 Dungeon Crawl Stone Soup version 0.17.1-1-g73c8601 (console) character file.

709 Kloppie the Skirmisher (level 7, -15/64 HPs)
             Began as a Centaur Berserker on Dec 20, 2015.
             Was an Elder of Trog.
             Demolished by an ogre
             ... wielding a +0 giant spiked club
              (26 damage)
             ... on level 4 of the Dungeon.
             The game lasted 00:07:25 (3585 turns).

Kloppie the Skirmisher (Centaur Berserker)          Turns: 3585, Time: 00:07:25

Health: -15/64     AC:  7    Str: 19    XL:     7   Next: 40%
Magic:  7/7        EV:  8    Int:  6    God:    Trog [****..]
Gold:   113        SH:  0    Dex: 11    Spells: 0 memorised, 6 levels left

rFire  . . .     SeeInvis .     a - +0 hand axe
rCold  . . .     Clarity  .     q - +0 scale mail
rNeg   . . .     SustAt   .     (no shield)
rPois  .         Gourm    .     h - +0 helmet
rElec  .         Spirit   .     (no cloak)
rCorr  .         Warding  .     (no gloves)
rMut   .         Stasis   .     (no barding)
MR     .....                    (no amulet)
Stlth  ..........               (no ring)
                                (no ring)

@: very quick, not resistant to hostile enchantments, extremely unstealthy
A: hooves 3, deformed body, speed 2, tough skin 3
a: Berserk, Trog's Hand, Brothers in Arms, Burn Spellbooks, Renounce Religion


You were on level 4 of the Dungeon.
You worshipped Trog.
Trog was greatly pleased with you.
You were hungry.

You visited 1 branch of the dungeon, and saw 4 of its levels.

You collected 113 gold pieces.

Inventory:

Hand Weapons
 a - a +0 hand axe (weapon)
Armour
 h - a +0 helmet (worn)
 q - a +0 scale mail (worn)
Wands
 u - a wand of frost (36)
Scrolls
 e - 2 scrolls of remove curse {unknown}
 g - a scroll of noise {unknown}
 n - 2 scrolls of fear {unknown}
 p - a scroll of identify {unknown}
 s - 2 scrolls of amnesia {unknown}
 v - a scroll of recharging {unknown}
Potions
 b - a potion of invisibility
 d - a potion of agility {unknown}
 f - a potion of might {unknown}
 i - 2 potions of curing {unknown}
 k - a potion of haste {unknown}
 l - 2 potions of degeneration {unknown}
 o - a potion of cancellation {unknown}
 r - a potion of lignification {unknown}
 z - 2 potions of flight {unknown}
Comestibles
 c - 6 bread rations
 j - 3 beef jerkies
 m - 3 meat rations
 t - a royal jelly
 w - 4 fruits


   Skills:
 + Level 6.5 Fighting
 + Level 5.9 Axes
 - Level 1.3 Armour
 - Level 1.3 Dodging


You had 6 spell levels left.
You didn't know any spells.

Dungeon Overview and Level Annotations

Branches:
Dungeon (4/15)
 Temple: D:4-7

Altars:

Annotations:
D:4 Eustachio


Innate Abilities, Weirdness & Mutations

You have hooves in place of feet.
Armour fits poorly on your strangely shaped body.
You cover ground very quickly.
You have extremely tough skin (AC +3).


Message History

The ogre is lightly wounded.
The ogre completely misses you.
You hit the ogre. Your kick misses the ogre.
The ogre is lightly wounded.
You hit the ogre.
The ogre is moderately wounded.
The ogre hits you with a giant spiked club!
You hit the ogre. Your kick misses the ogre.
The ogre is moderately wounded.
The ogre closely misses you.
You closely miss the ogre.
The ogre is moderately wounded.
You hit the ogre. You kick the ogre, but do no damage.
The ogre is heavily wounded.
The ogre hits you with a giant spiked club!!
* * * LOW HITPOINT WARNING * * *
You hit the ogre. You kick the ogre.
The ogre is almost dead.
The ogre hits you with a giant spiked club!!
You die...

#.....# ##...#
#....####...## #
#....##...## #.
#.......## ...
#.......# ....
#......## .....
###.....##
......####........#
......O@......#.....
..........##.#####..(
........####.# ##.
......... ##.#
.#....... #..#
####.....#..# ######
#######..###....##
#(<##......##
#))#...)....#


You could see an ogre.

Vanquished Creatures
  Sigmund (D:4)
  Purgy (D:3)
  2 orc priests (D:3)
  Ijyb (D:3)
  Jessica (D:3)
  A worker ant (D:4)
  14 gnolls
  A worker ant zombie (D:3)
  7 adders
  An ooze (D:2)
  4 worms
  2 giant geckos (D:1)
  12 orcs (D:3)
  3 giant cockroaches
  6 hobgoblins
  10 jackals
  7 bats
  8 giant newts
  10 goblins
  7 kobolds
  13 rats
112 creatures vanquished.

Notes
Turn   | Place    | Note
--------------------------------------------------------------
     0 | D:1      | Kloppie the Centaur Berserker began the quest for the Orb.
     0 | D:1      | Reached XP level 1. HP: 19/19 MP: 1/1
    74 | D:1      | Reached XP level 2. HP: 19/26 MP: 2/2
   232 | D:1      | Reached XP level 3. HP: 14/33 MP: 3/3
   413 | D:1      | Reached ** piety under Trog
   755 | D:2      | Reached skill level 4 in Fighting
   760 | D:2      | Reached XP level 4. HP: 26/40 MP: 4/4
  1180 | D:2      | Reached *** piety under Trog
  1686 | D:3      | Noticed Purgy
  1690 | D:3      | Noticed Jessica
  1709 | D:3      | Killed Purgy
  1709 | D:3      | Reached skill level 5 in Fighting
  1709 | D:3      | Reached XP level 5. HP: 48/48 MP: 5/5
  1717 | D:3      | Killed Jessica
  1790 | D:3      | Reached XP level 6. HP: 52/56 MP: 6/6
  2019 | D:3      | Noticed Ijyb
  2038 | D:3      | Killed Ijyb
  2254 | D:3      | Reached skill level 5 in Axes
  2472 | D:3      | Reached **** piety under Trog
  2847 | D:4      | Noticed Sigmund
  3019 | D:4      | Killed Sigmund
  3019 | D:4      | Reached skill level 6 in Fighting
  3019 | D:4      | Reached XP level 7. HP: 64/64 MP: 7/7
  3278 | D:4      | Noticed Eustachio
  3585 | D:4      | Demolished by an ogre

Action                   |  1- 3 |  4- 6 |  7- 9 || total
-------------------------+-------+-------+-------++-------
Melee: Hand axe          |    76 |   229 |    53 ||   358
Invok: Berserk           |     1 |     4 |     1 ||     6
       Trog's Hand       |       |     2 |     1 ||     3
  Eat: Chunk             |       |    10 |     3 ||    13
